AoeStats
← meditator27

Arena

506946803Analyzed
3v3 RM · 15d ago on Sep 15, 2026· 33m 49s· 6 players
Game mode
Random Map
Map size
Normal (6 player)
Population
200
Speed
Normal
Resources
Standard
Victory
Conquest
Starting age
Dark Age
Ending age
Imperial Age
RankedLock teamsTeams togetherTeam positionsShared explorationLock speedFull tech treeHidden civsTurbo modeCheats
Victory
Defeat
🇧🇦 Franks · Bosnia & Herzegovina
1277
+14
🇹🇼 Bohemians · Taiwan
1276
+14
🇺🇸 Khmer · United States
1249
+16
🇨🇴 Spanish · Colombia
1244
-15
🇨🇴 Spanish · Colombia
1239
-15
🇨🇴 Goths · Colombia
1213
-14
Octosaurus
11:33 Feudal Age
14:18 Castle Age
12:29 Double-Bit Axe
13:13 Horse Collar
16:47 Husbandry
17:07 Bow Saw
19:20 Scale Barding Armor
19:14 Gold Mining
21:16 Loom
21:44 Forging
23:33 Heavy Plow
25:04 Wheelbarrow
25:11 Chain Barding Armor
27:29 Iron Casting
31:05 Hand Cart
31:58 Bloodlines
35:05 Imperial Age
meditator27
11:15 Feudal Age
14:50 Castle Age
12:42 Double-Bit Axe
13:20 Horse Collar
16:16 Bow Saw
17:47 Loom
21:01 Wheelbarrow
30:30 Imperial Age
28:25 Heavy Plow
31:35 Chemistry
1godi
10:23 Feudal Age
14:02 Castle Age
12:41 Double-Bit Axe
15:43 Bow Saw
22:27 Wheelbarrow
22:51 Stone Mining
22:53 Gold Mining
24:39 Gold Shaft Mining
24:22 Scale Barding Armor
24:27 Forging
25:36 Chain Barding Armor
29:40 Imperial Age
26:56 Loom
27:30 Hand Cart
27:01 Town Watch
27:57 Chain Barding Armor
27:37 Fletching
28:49 Iron Casting
28:36 Husbandry
28:58 Fletching
28:45 Elite Skirmisher
30:09 Padded Archer Armor
30:30 Bodkin Arrow
30:57 Ballistics
31:28 Plate Barding Armor
30:15 Cavalier
31:48 Town Patrol
33:02 Chemistry
32:37 Leather Archer Armor
33:22 Blast Furnace
32:27 Light Cavalry
33:37 Conscription
nanodan47
10:42 Feudal Age
15:16 Castle Age
14:23 Double-Bit Axe
23:24 Pikeman
24:19 Scale Mail Armor
26:18 Forging
26:23 Chain Mail Armor
26:10 Padded Archer Armor
28:28 Wheelbarrow
28:07 Bow Saw
LongShanks
3:50 Loom
10:24 Feudal Age
11:32 Loom
14:22 Castle Age
13:18 Double-Bit Axe
24:36 Horse Collar
30:58 Imperial Age
29:11 Scale Barding Armor
29:18 Forging
30:22 Wheelbarrow
29:59 Bow Saw
29:55 Heavy Plow
30:45 Chain Barding Armor
30:57 Husbandry
31:08 Bloodlines
31:14 Cavalier
33:01 Plate Barding Armor
33:02 Iron Casting
CarloMagno
4:28 Loom
11:38 Feudal Age
12:57 Double-Bit Axe
15:25 Castle Age
13:55 Horse Collar
16:25 Bow Saw
18:48 Heavy Plow
23:49 Wheelbarrow
24:24 Pikeman
25:05 Squires
25:13 Gold Mining
27:25 Scale Mail Armor
27:35 Forging
29:18 Chain Mail Armor
29:13 Forging
32:03 Imperial Age
29:48 Hand Cart
32:54 Iron Casting
32:09 Fletching
33:46 Chemistry
32:14 Halberdier
Connection lost

Rejoining the realm…

Still unreachable

The connection could not be restored.

Session expired

The server has moved on; the page needs a fresh start.